AoeStats
← eltetedehaedo

Nomad

509726853Analyzed
2v2 RM · 5d ago on Sep 27, 2026· 55m 44s· 4 players
Game mode
Random Map
Map size
176×176
Population
200
Speed
Normal
Resources
Standard
Victory
Conquest
Starting age
Dark Age
Ending age
Imperial Age
RankedLock teamsTeams togetherTeam positionsShared explorationLock speedFull tech treeHidden civsTurbo modeCheats
Victory
Defeat
🇦🇷 Dravidians · Argentina
1099
+17
🇦🇷 Bohemians · Argentina
1095
+17
🇦🇷 Spanish · Argentina
1137
-17
🇦🇷 Huns · Argentina
1110
-17
Nisman Vive
13:26 Feudal Age
13:59 Double-Bit Axe
15:59 Loom
19:03 Castle Age
18:48 Fletching
18:53 Man-at-Arms
19:16 Crossbowman
20:26 Bow Saw
21:18 Wheelbarrow
20:28 Long Swordsman
22:01 Town Watch
22:52 Hand Cart
23:59 Squires
24:43 Scale Mail Armor
25:43 Arson
35:13 Forging
35:52 Chain Mail Armor
39:13 Horse Collar
44:51 Bodkin Arrow
45:32 Iron Casting
45:41 Ballistics
45:22 Pikeman
47:00 Heavy Plow
50:48 Imperial Age
51:03 Halberdier
51:04 Two-Handed Swordsman
52:48 Plate Mail Armor
53:18 Blast Furnace
53:10 Champion
54:24 Bracer
55:57 Conscription
Nestor Carlos Kirchner
14:29 Feudal Age
15:04 Double-Bit Axe
17:15 Fishing Lines
24:31 Castle Age
22:26 Horse Collar
23:25 Scale Barding Armor
23:55 Fletching
24:06 Padded Archer Armor
25:36 Chain Barding Armor
26:00 Loom
26:32 Bow Saw
26:47 Crossbowman
29:34 Bodkin Arrow
31:17 Heavy Plow
32:57 Wagenburg Tactics
33:32 Leather Archer Armor
35:10 Wheelbarrow
34:21 Town Watch
42:43 Imperial Age
40:31 Hand Cart
40:18 Town Patrol
42:48 Elite Hussite Wagon
44:51 Two-Man Saw
45:04 Conscription
rafa
12:22 Loom
14:48 Feudal Age
18:50 Castle Age
17:34 Double-Bit Axe
23:58 Light Cavalry
24:51 Bloodlines
27:42 Husbandry
31:28 Medium Warships
eltetedehaedo
12:28 Loom
14:17 Feudal Age
20:43 Castle Age
36:32 Gold Mining
36:36 Double-Bit Axe
37:51 Bloodlines
39:02 Forging
40:13 Scale Barding Armor
45:09 Iron Casting
45:58 Chain Barding Armor
Connection lost

Rejoining the realm…

Still unreachable

The connection could not be restored.

Session expired

The server has moved on; the page needs a fresh start.